 Dungeon Crawl Stone Soup version 0.29-a0-414-g5075937ec3 (webtiles) character file.

Game seed: 5062708546533720912

23 Zdeegee the Skirmisher (level 2, -2/20 HPs)
             Began as a Gargoyle Berserker on May 16, 2022.
             Was a Follower of Trog.
             Killed by divine providence
             ... invoked by an orc priest
              (11 damage)
             ... on level 2 of the Dungeon.
             The game lasted 00:01:59 (1402 turns).

Zdeegee the Skirmisher (Gargoyle Berserker)         Turns: 1402, Time: 00:02:00

Health: -2/20      AC:  9    Str: 20    XL:     2   Next: 95%
Magic:  2/2        EV: 11    Int:  7    God:    Trog [*.....]
Gold:   115        SH:  0    Dex:  9    Spells: 1/1 levels left

rFire   + + .      SeeInvis .   a - +0 mace
rCold   . . .      Faith    .   (no shield)
rNeg    + . .      Spirit   .   k - +0 ring mail "Fekk" {rPois rF++ Will- Stlth+}
rPois   ∞          Reflect  .   d - +0 helmet
rElec   +          Harm     .   (no cloak)
rCorr   .          Rampage  .   (no gloves)
Will    .....                   (no boots)
Stlth   +.........              (no amulet)
HPRegen 0.06/turn               (no ring)
MPRegen 0.08/turn               (no ring)

@: no status effects
A: sickness immunity, AC +2, negative energy resistance 1, electricity
resistance, torment resistance 1, petrification resistance
a: Renounce Religion, Berserk


You were on level 2 of the Dungeon.
You worshipped Trog.
Trog was aware of your devotion.
You visited 1 branch of the dungeon, and saw 2 of its levels.

You collected 115 gold pieces.

Inventory:

Hand Weapons
 a - a +0 mace (weapon)
Missiles
 f - 65 stones (quivered)
Armour
 b - a +0 animal skin
 d - a +0 helmet (worn)
 k - the +0 ring mail "Fekk" (worn) {rPois rF++ Will- Stlth+}
   (You found it on level 2 of the Dungeon)

   rF:        It greatly protects you from fire.
   rPois:     It protects you from poison.
   Will:      It decreases your willpower.
   Stlth:     It makes you more stealthy.
Jewellery
 c - a ring of fire
Scrolls
 e - a scroll of teleportation {unknown}
 g - 2 scrolls of magic mapping
 i - a scroll of immolation {unknown}
Potions
 h - a potion of degeneration {unknown}
 j - a potion of attraction {unknown}


   Skills:
 * Level 4.0 Fighting
 + Level 3.2 Maces & Flails
 * Level 2.4 Armour
 + Level 1.5 Dodging
 * Level 0.3 Invocations


You had one spell level left.
You didn't know any spells.
Your spell library was empty.

Dungeon Overview and Level Annotations

Branches:
Dungeon (2/15)

Altars:


Innate Abilities, Weirdness & Mutations

You are immune to sickness and miasma.
Your stone body is resilient. (AC +2)
You are immune to poison.
You resist negative energy. (rN+)
You are resistant to electric shocks. (rElec)
You are resistant to unholy torment.
You are immune to petrification.


Message History

There are monsters nearby!
An orc priest comes into view. It is wielding a +0 dagger.
An orc comes into view. It is wielding a +0 flail.
An orc comes into view. It is wielding a +0 club.
The orc priest shouts!
The orc shouts! x2
The orc jeers repeatedly, as Orcs often do.
The orc barely misses you.
You closely miss the orc. The orc hits you with a +0 falchion.
The orc hits you but does no damage.
You hit the orc.
The orc is heavily wounded.
The orc completely misses you.
You barely miss the orc.
The orc is heavily wounded.
The orc hits you but does no damage.
The orc priest calls upon Beogh to heal the orc.
The orc's wounds heal themselves!
The orc hits you but does no damage.
You barely miss the orc priest. The orc priest completely misses you.
The orc hits you but does no damage. The orc hits you with a +0 dagger.
The orc barely misses you.
You hit the orc priest.
The orc priest is lightly wounded.
The orc priest hits you with a +0 dagger.
The orc misses you. x2; The orc hits you but does no damage.
The orc priest hits you but does no damage.
The orc barely misses you. The orc hits you but does no damage.
The orc hits you with a +0 flail. The orc attacks as you move away!
The orc barely misses you. x2
The orc attacks as you move away! The orc hits you but does no damage.
The orc attacks as you move away! The orc barely misses you.
The orc attacks as you move away! The orc hits you but does no damage.
Found 16 gold pieces and a scroll labelled HEICICZ NODUPA.
The orc attacks as you move away! The orc hits you but does no damage.
The orc priest looks braver for a moment.
The orc attacks as you move away! The orc hits you but does no damage.
You see here a scroll labelled HEICICZ NODUPA.
The orc priest mumbles some strange prayers to Beogh against you.
Beogh smites you!
Ouch! That really hurt!
You die...

.. ##+##
#.#.......#
#o#.......#
#o#.#...#.#
####.#.......#
#....##.....#
#.o..##
#.o...####
#.?.$.....
#@........
..........######
##.########


You could see an orc priest and 3 orcs.

Vanquished Creatures
  3 ball pythons (D:1)
  2 endoplasms (D:1)
  3 goblins
  4 hobgoblins
  A quokka (D:1)
  2 bats (D:1)
  3 frilled lizards (D:1)
  2 kobolds (D:1)
20 creatures vanquished.

Vanquished Creatures (others)
  5 plants (D:1)
5 creatures vanquished.

Grand Total: 25 creatures vanquished

Notes
Turn   | Place    | Note
-------+----------+-------------------------------------------
     0 | D:1      | Zdeegee the Gargoyle Berserker began the quest for the Orb.
     0 | D:1      | Reached XP level 1. HP: 14/14 MP: 1/1
   471 | D:1      | Reached XP level 2. HP: 19/19 MP: 2/2
   908 | D:1      | Found a faded altar of an unknown god.
  1299 | D:2      | Identified the +0 ring mail "Fekk" {rPois rF++ Will-
                  | Stlth+}
  1339 | D:2      | Reached skill level 4 in Fighting
  1402 | D:2      | Killed from afar by an orc priest

Illustrated notes

Levels and vault maps discovered:
D:1:      lemuel_arrival_broad_hall, layout_rooms,
          chequers_ecumenical_altar_lobes, minmay_misc_feat_alley,
          minmay_misc_feat_encased
D:2:      cheibrodos_pilgrimage, layout_loops_corners, basic_altar,
          uniq_natasha, uniq_sigmund

Skill      XL: |  1  2 |
---------------+-------+-----
Fighting       | 4 |  4.0
Maces & Flails | |  3.2
Armour         | |  2.4
Dodging        | |  1.5
Invocations    | |  0.3

Action                   || total
-------------------------++-------
Melee: Mace              ||    59
       Punch             ||     1
  Use: Scroll            ||     1
Armor: Animal skin       ||    23
       Ring mail         ||    12
Dodge: Dodged            ||    53

Table legend: (Time is in decaauts)
 A = Elapsed time spent in this place.
 B = Non-inter-level travel time spent in this place.
 C = Inter-level travel time spent in this place.
 D = Time resting spent in this place.
 E = Time spent auto-exploring this place.
 F = Levels seen in this place.
 G = Mean time per level.
                   A        B        C        D        E       F      G
               +--------+--------+--------+--------+--------+-----+--------+
         Total |   1417 |   1363 |     54 |      0 |   1151 |   2 |  708.5 |
       Dungeon |   1417 |   1363 |     54 |      0 |   1151 |   2 |  708.5 |
               +--------+--------+--------+--------+--------+-----+--------+

Top non-repeatable levels by time:
     D:1: 1307 daAuts
     D:2: 109 daAuts
